 Dungeon Crawl Stone Soup version 0.31-a0-1405-g2bb1a01664 (webtiles) character file.

Game seed: 395990305114753705

47394 quinnr the Devastator (level 14, 0/92 HPs)
             Began as a Tengu Air Elementalist on Dec 25, 2023.
             Was an Elder of Vehumet.
             Slain by a seven-headed hydra (8 damage)
             ... on level 5 of the Lair of Beasts.
             The game lasted 01:03:10 (29926 turns).

quinnr the Devastator (Tengu Air Elementalist)     Turns: 29926, Time: 01:03:11

Health: 0/92       AC:  5    Str: 15    XL:     14   Next: 41%
Magic:  30/30      EV: 20    Int: 20    God:    Vehumet [****..]
Gold:   915        SH:  0    Dex: 14    Spells: 25/35 levels left

rFire   . . .        j - staff of conjuration {!a}
rCold   . . .        (no shield)
rNeg    + . .        s - +2 robe {Will+}
rPois   +            (helmet restricted)
rElec   .            (no cloak)
rCorr   .            A - +0 pair of gloves
SInv    .            (boots unavailable)
Will    ++...        O - amulet of regeneration
Stlth   +++          N - ring of positive energy
HPRegen 1.15/turn    V - ring of Kidwer {Wiz rPois Str+5}
MPRegen 0.22/turn

%: acrobat, wizardry (x1)
@: flying
A: beak, talons 3, evasive flight, acrobatic
a: Renounce Religion


You were on level 5 of the Lair of Beasts.
You worshipped Vehumet.
Vehumet was greatly pleased with you.
You visited 3 branches of the dungeon, and saw 19 of its levels.

You collected 915 gold pieces.


Innate Abilities, Weirdness & Mutations

You have a beak for a mouth.
You have claws for feet.
Your magical flight helps you evade attacks. (EV +4)
You can magically evade attacks while moving or waiting.


   Skills:
 - Level 12.0 Fighting
 + Level 8.6 Dodging
 - Level 5.0 Stealth
 - Level 11.0 Spellcasting
 + Level 15.0 Conjurations
 + Level 13.0 Air Magic
 - Level 7.0 Evocations


You had 25 spell levels left.
You knew the following spells:

 Your Spells              Type           Power      Damage    Failure   Level
a - Airstrike             Air            29%        2d(5-21)  1%          4
i - Swiftness             Air            59%        N/A       1%          3
t - Static Discharge      Conj/Air       100%       3-8/arc   0%          2
z - Shock                 Conj/Air       100%       1d9       0%          1

Your spell library contained the following spells:

 Spells                   Type           Power      Damage    Failure   Level
 Spellforged Servitor     Conj/Summ      28%        N/A       22%         7
 Foxfire                  Conj/Fire      100%       2x1d9     1%          1
 Freeze                   Ice            44%        1d6       1%          1
 Sandblast                Erth           22%        2d7       1%          1
 Hailstorm                Conj/Ice       57%        3d11      1%          3
 Stone Arrow              Conj/Erth      100%       3d13      1%          3
 Brom's Barrelling Bould  Conj/Erth      57%        2d7       1%          4
 Necrotise                Necr           44%        1d6       2%          1
 Summon Small Mammal      Summ           44%        N/A       2%          1
 Frozen Ramparts          Ice            22%        1d4       2%          3
 Passwall                 Alch/Erth      9%         N/A       4%          2
 Starburst                Conj/Fire      28%        6d9       4%          6
 Olgreb's Toxic Radiance  Alch           11%        N/A       6%          4
 Plasma Beam              Fire/Air       18%        2x1d30    7%          6
 Call Canine Familiar     Summ           11%        N/A       8%          3
 Summon Guardian Golem    Hex/Summ       11%        N/A       8%          3
 Vampiric Draining        Necr           11%        2d6       8%          3
 Animate Dead             Necr           11%        N/A       24%         4
 Agony                    Necr           11%        N/A       52%         5
 Ozocubu's Refrigeration  Ice            5%         4d8       97%         7
 Haunt                    Necr/Summ      5%         N/A       100%        7
 Malign Gateway           Summ/Tloc      5%         N/A       100%        7
 Summon Hydra             Summ           5%         N/A       100%        7
 Discord                  Hex            5%         N/A       100%        8
 Infestation              Necr           5%         N/A       100%        8

Inventory:

Hand Weapons
 k - a +2 dagger of flaming
 E - a +1 dagger of venom
 J - a +2 dagger of speed
Missiles
 e - 2 throwing nets {=f}
Armour
 a - a +1 robe
 s - a +2 robe of willpower (worn)
 w - an orb of energy
 x - a +0 cloak
 A - a +0 pair of gloves (worn)
 G - a +0 buckler
 H - a +0 cloak
Magical Staves
 j - a staff of conjuration (weapon) {!a}
Jewellery
 n - a ring of positive energy
 v - a ring of see invisible
 F - a ring of fire
 I - a +6 ring of intelligence
 N - a ring of positive energy (left hand)
 O - an amulet of regeneration (around neck)
 V - the ring of Kidwer (right hand) {Wiz rPois Str+5}
   (You found it on level 4 of the Lair of Beasts)

   [ring of wizardry]

   Wiz:       It improves your spell success rate.
   Str+5:     It affects your strength (+5).
   rPois:     It protects you from poison
Wands
 o - a wand of flame (24)
 p - a wand of polymorph (11)
 y - a wand of light (6)
 C - a wand of mindburst (4)
 Q - a wand of paralysis (13)
Scrolls
 d - 6 scrolls of teleportation {unknown}
 f - 2 scrolls of acquirement {unknown}
 g - 4 scrolls of fog {unknown}
 h - 2 scrolls of fear {unknown}
 r - a scroll of butterflies
 u - 2 scrolls of silence {!r}
 B - 2 scrolls of amnesia
 K - a scroll of enchant armour
 L - a scroll of noise {unknown}
 P - 5 scrolls of identify {@r1}
 T - a scroll of poison {unknown}
 U - a scroll of vulnerability
Potions
 b - 3 potions of magic
 c - 4 potions of enlightenment
 i - 2 potions of lignification {unknown}
 l - 3 potions of might
 m - a potion of attraction
 q - 2 potions of cancellation {unknown}
 t - 4 potions of curing {@q1}
 z - 3 potions of haste {@q3}
 D - 2 potions of mutation {unknown}
 M - a potion of invisibility {unknown}
 R - a potion of heal wounds {unknown}
 S - a potion of degeneration {unknown}

Dungeon Overview and Level Annotations

Branches:
Dungeon (13/15)            Temple (1/1) D:5            Lair (5/5) D:10
  Swamp (0/4) Lair:3       Spider (0/4) Lair:2        Slime (0/5) Lair:4
    Orc (0/2) D:12
 Vaults: D:13-14

Altars:
Ashenzari
Cheibriados
Dithmenos
Elyvilon
Fedhas
Gozag
Hepliaklqana
Kikubaaqudgha
Makhleb
Nemelex Xobeh
Okawaru
Qazlal
Ru
Sif Muna
Trog
Uskayaw
Vehumet
Wu Jian
Xom
Yredelemnul
Zin
The Shining One
Jiyva

Annotations:
D:4 exclusion: downstairs
D:10 exclusion: 2 downstairs
D:11 Gastronok
D:12 exclusion: 2 downstairs
D:13 Azrael
Lair:5 Nessos

#......
#......
##.....♣
♣#
#.........
......♣. ♣
...Y. .# .
#YY♣.♣....
#@D..../.
#P.♣.♣....
#... .. .
##### .# #


You could see a seven-headed hydra and 3 yaks.


Message History

The seven-headed hydra barely misses you.
The seven-headed hydra closely misses you.
The seven-headed hydra barely misses you.
The seven-headed hydra completely misses you.
The seven-headed hydra bites you! The yak barely misses you.
The seven-headed hydra bites you! The seven-headed hydra bites you.
The seven-headed hydra bites you but does no damage.
The seven-headed hydra bites you! The seven-headed hydra bites you.
The seven-headed hydra bites you!
* * * LOW HITPOINT WARNING * * *
The seven-headed hydra bites you!
* * * LOW HITPOINT WARNING * * *
There is a stone staircase leading up, spattered with blood here.
Unknown command.
Unknown command.
Okay, then.
Okay, then.
Okay, then.
Unknown command.
Unknown command.
The yak gores you!
* * * LOW HITPOINT WARNING * * *
The yak barely misses you. The seven-headed hydra misses you.
The seven-headed hydra bites you but does no damage.
The seven-headed hydra closely misses you.
The seven-headed hydra bites you!
* * * LOW HITPOINT WARNING * * *
The seven-headed hydra bites you but does no damage.
The seven-headed hydra bites you!
You die...

Skill      XL: |  1  2  3  4  5  6  7  8  9 10 11 12 13 14 |
---------------+-------------------------------------------+-----
Conjurations   | 2 3 7 9 11 12 14 15 | 15.0
Air Magic      | 5 6 8 9 10 12 13 | 13.0
Fighting       | 2 4 5 7 8 9 12 | 12.0
Spellcasting   | 3 5 6 8 11 | 11.0
Dodging        | 4 7 8 |  8.6
Evocations     | 3 4 7 |  7.0
Stealth        | 4 5 |  5.0

Action                     |  1- 3 |  4- 6 |  7- 9 | 10-12 | 13-15 || total
---------------------------+-------+-------+-------+-------+-------++-------
  Melee: Unarmed           |     5 |       |       |       |       ||     5
         Peck              |     1 |       |       |     4 |     7 ||    12
         Kick              |     3 |       |     1 |     5 |     9 ||    18
         Staff             |       |       |     2 |     4 |     1 ||     7
         Dagger            |       |       |       |    10 |    12 ||    22
         Punch             |       |       |       |       |     1 ||     1
   Cast: Shock             |    81 |   111 |   190 |   233 |    77 ||   692
         Static Discharge  |       |       |    11 |    59 |    47 ||   117
         Airstrike         |       |       |    20 |   244 |   291 ||   555
         Swiftness         |       |       |     2 |     3 |    10 ||    15
  Evoke: Wand              |       |       |     1 |     5 |    15 ||    21
    Use: Scroll            |       |       |     8 |     4 |     3 ||    15
 Armour: Robe              |     4 |     9 |    55 |   188 |   179 ||   435
  Dodge: Dodged            |    27 |    26 |    95 |   223 |   256 ||   627

Levels and vault maps discovered:
D:1:      orjb1_clovarrival, layout_loops_cross, grunt_decor_resistance,
          serial_park_tiny_pond, kennysheep_decorative_pillar, amethyst_killhole
D:2:      layout_basic, serial_undead, serial_undead_a, serial_undead_e,
          serial_undead_a, serial_undead_a,
          dreamdust_ecumenical_altar_drowned_temple, minivault_4
D:3:      layout_basic, nicolae_kikubaaqudgha_miasma_corner, uniq_grinder,
          uniq_crazy_yiuf_cottage
D:4:      layout_gridville, mainiacjoe_overflow_tiny_flanked,
          kennysheep_generic_room_8
D:5:      layout_basic, nicolae_overflow_crystal_walls, lemuel_doored_altar,
          minmay_temple_entry_sparse_star, uniq_menkaure, uniq_duvessa
D:6:      layout_loops_ring, mainiacjoe_overflow_catwalk, kennysheep_little_box,
          kennysheep_crisscross, minmay_misc_feat_alley
D:7:      layout_loops_cross, nzn_wu_jian_contemplation, lemuel_tele_altar,
          minmay_misc_feat_columns, grunt_ministairs_3,
          nicolae_fountain_basement, uniq_prince_ribbit1
D:8:      layout_rooms
D:9:      layout_cave_pods, zin_statuary, general_overflow_altar, serial_bayou,
          serial_bayou_lake_a, serial_bayou_pond_b, serial_bayou_pond_a,
          serial_bayou_crossing
D:10:     layout_loops_ring, nicolae_tso_swordbearing_angel, lair_entry_dummy,
          uniq_josephine, uniq_maggie, uniq_harold
D:11:     layout_basic, chequers_serial_rivers_small_a, uniq_maurice,
          uniq_gastronok, uniq_grum
D:12:     layout_long_grid, david_orc_2, nicolae_xom_altar_mimics
D:13:     layout_big_octagon, david_vaults_4, serial_shops,
          nicolae_stop_n_shop_1, serial_column_ruins, column_ruins_hut,
          column_ruins_hut, column_ruins_corridor_straight, column_ruins_grid_1,
          column_ruins_columns_water, uniq_azrael
Temple:   jpeg_temple_clearing
Lair:1:   beast_lair_carwin_large_1, layout_chaotic_city,
          kennysheep_snail_temple
Lair:2:   layout_loops_ring, spider_nest_entry_web_field, uniq_urug, uniq_erica
Lair:3:   layout_loops_ring, alex1729_swamp_entry_worm_eleionoma,
          lemuel_fruit_tree, grunt_megastairs_4
Lair:4:   layout_regular_city, dpeg_slime_entry_corner, uniq_snorg
Lair:5:   hangedman_lair_in_review, layout_cellular_growth, serial_forest,
          infiniplex_forest_lined_room_2, infiniplex_forest_clump_tiny,
          infiniplex_forest_lined_2, infiniplex_forest_lined_3,
          infiniplex_forest_corner_2, infiniplex_forest_lined_4_way,
          infiniplex_forest_clump_diagonal, uniq_nessos

Notes
Turn   | Place    | Note
-------+----------+-------------------------------------------
     0 | D:1      | quinnr the Tengu Air Elementalist began the quest for the
                  | Orb.
     0 | D:1      | Reached XP level 1. HP: 10/10 MP: 4/4
   334 | D:1      | Reached skill level 2 in Conjurations
   334 | D:1      | Reached XP level 2. HP: 11/15 MP: 0/6
   640 | D:1      | Reached skill level 5 in Air Magic
   640 | D:1      | Reached XP level 3. HP: 19/19 MP: 0/7
  1724 | D:2      | Reached skill level 3 in Conjurations
  1839 | D:2      | Reached XP level 4. HP: 24/24 MP: 6/8
  2008 | D:2      | Found a faded altar of an unknown god.
  2091 | D:3      | Noticed Grinder
  2173 | D:3      | Learned a level 2 spell: Static Discharge
  2178 | D:3      | Learned a level 4 spell: Airstrike
  2328 | D:3      | Found an ancient bone altar of Kikubaaqudgha.
  2423 | D:3      | Paralysed by Grinder for 4 turns
  2511 | D:4      | Reached skill level 6 in Air Magic
  2753 | D:3      | Reached XP level 5. HP: 28/28 MP: 1/9
  2782 | D:3      | Reached skill level 7 in Air Magic
  3061 | D:3      | Found a runed translucent door.
  3062 | D:3      | Noticed Crazy Yiuf
  3142 | D:4      | Reached skill level 8 in Air Magic
  3142 | D:4      | Reached XP level 6. HP: 33/33 MP: 5/10
  3207 | D:4      | Reached skill level 1 in Fighting
  3258 | D:4      | Found a white marble altar of Elyvilon.
  3446 | D:4      | Reached skill level 2 in Fighting
  3824 | D:4      | Reached skill level 3 in Spellcasting
  3916 | D:5      | Entered Level 5 of the Dungeon
  3918 | D:5      | Noticed Duvessa
  4030 | D:5      | Learned a level 3 spell: Swiftness
  4069 | D:5      | Gained mutation: Your magical flight helps you evade
                  | attacks. (EV +4) [Tengu growth]
  4069 | D:5      | Reached XP level 7. HP: 37/40 MP: 5/12
  4165 | D:5      | Found a sacrificial altar of Ru.
  4216 | D:5      | Reached skill level 4 in Conjurations
  4262 | D:5      | Noticed Dowan
  4462 | D:6      | Found a hazy altar of Hepliaklqana.
  4563 | D:6      | Reached skill level 5 in Conjurations
  4563 | D:6      | Reached skill level 9 in Air Magic
  4571 | D:6      | Reached skill level 6 in Conjurations
  4754 | D:6      | Noticed a wyvern
  4760 | D:6      | Killed a wyvern
  4761 | D:6      | Reached skill level 7 in Conjurations
  4761 | D:6      | Reached XP level 8. HP: 25/44 MP: 7/13
  5085 | D:6      | Reached skill level 3 in Dodging
  5085 | D:6      | Reached skill level 8 in Conjurations
  5331 | D:6      | Found a shimmering blue altar of Sif Muna.
  5574 | D:6      | Reached skill level 4 in Dodging
  5620 | D:6      | Reached skill level 9 in Conjurations
  5660 | D:7      | Noticed Prince Ribbit
  5705 | D:7      | Killed Prince Ribbit
  5706 | D:7      | Reached skill level 3 in Fighting
  5834 | D:7      | Reached skill level 4 in Fighting
  5843 | D:7      | Reached XP level 9. HP: 48/52 MP: 8/14
  5897 | D:7      | Reached skill level 5 in Fighting
  5919 | D:7      | Found a shadowy altar of Dithmenos.
  5920 | D:7      | Found an ornate altar of the Wu Jian Council.
  6095 | D:7      | Reached skill level 4 in Spellcasting
  6571 | D:7      | Reached skill level 5 in Spellcasting
  6970 | D:7      | Reached skill level 10 in Conjurations
  7354 | D:8      | Reached skill level 1 in Evocations
  7548 | D:5      | Noticed Menkaure
  7551 | D:5      | Killed Menkaure
  7552 | D:5      | Reached skill level 2 in Evocations
  7799 | D:5      | Found a basalt altar of Yredelemnul.
  7889 | D:5      | Found a staircase to the Ecumenical Temple.
  7984 | Temple   | Entered the Ecumenical Temple
  8000 | Temple   | Became a worshipper of Vehumet
  8046 | D:5      | Killed Duvessa
  8047 | D:5      | Reached skill level 11 in Conjurations
  8057 | D:5      | Killed Dowan
  8200 | D:8      | Reached skill level 3 in Evocations
  8897 | D:3      | Paralysed by Grinder for 3 turns
  8902 | D:3      | Killed Grinder
  8903 | D:3      | Reached XP level 10. HP: 59/59 MP: 5/18
  9026 | D:3      | Killed Crazy Yiuf
  9217 | D:7      | Reached skill level 4 in Evocations
  9340 | D:7      | Reached skill level 12 in Conjurations
  9874 | D:8      | Reached skill level 6 in Fighting
 10233 | D:8      | Reached skill level 7 in Fighting
 10246 | D:7      | Reached * piety under Vehumet
 10246 | D:7      | Offered knowledge of Kiss of Death by Vehumet.
 10339 | D:7      | Reached skill level 6 in Spellcasting
 10722 | D:9      | Reached skill level 5 in Dodging
 10800 | D:9      | Reached skill level 6 in Dodging
 10955 | D:8      | Reached skill level 7 in Dodging
 10955 | D:8      | Reached XP level 11. HP: 17/67 MP: 15/21
 11358 | D:9      | Reached skill level 8 in Fighting
 11549 | D:9      | Found a glowing silver altar of Zin.
 11604 | D:9      | Found a snail-covered altar of Cheibriados.
 11910 | D:9      | Reached skill level 10 in Air Magic
 12023 | D:9      | Offered knowledge of Momentum Strike by Vehumet.
 12045 | D:9      | Reached ** piety under Vehumet
 12510 | D:9      | Reached skill level 5 in Evocations
 13196 | D:10     | Entered Level 10 of the Dungeon
 13242 | D:10     | Noticed Maggie
 13246 | D:10     | Killed Maggie
 13587 | D:10     | Found a glowing golden altar of the Shining One.
 13622 | D:10     | Reached skill level 6 in Evocations
 14069 | D:10     | Found a staircase to the Lair.
 14234 | D:10     | Noticed Josephine
 14375 | D:10     | Noticed Harold
 14914 | D:10     | Reached skill level 7 in Evocations
 15069 | D:10     | Killed Harold
 15088 | D:10     | Noticed a two-headed ogre
 15326 | D:10     | Killed a two-headed ogre
 15327 | D:10     | Reached skill level 3 in Stealth
 15680 | D:11     | Noticed Grum
 15683 | D:10     | Offered knowledge of Mercury Vapours by Vehumet.
 15726 | D:10     | Killed Josephine
 16089 | D:11     | Killed Grum
 16090 | D:11     | Reached skill level 4 in Stealth
 16165 | D:11     | Noticed a manticore
 16170 | D:11     | Killed a manticore
 16171 | D:11     | Reached XP level 12. HP: 41/75 MP: 1/22
 16171 | D:11     | Reached *** piety under Vehumet
 16611 | D:11     | Reached skill level 9 in Fighting
 16611 | D:11     | Reached skill level 13 in Conjurations
 16654 | D:11     | Reached skill level 5 in Stealth
 16764 | D:11     | Noticed Gastronok
 16905 | D:11     | Noticed Maurice
 16925 | D:11     | Killed Maurice
 17589 | D:12     | Reached skill level 11 in Air Magic
 17665 | D:12     | Offered knowledge of Inner Flame by Vehumet.
 18075 | D:12     | Found a staircase to the Orcish Mines.
 18194 | D:12     | Reached skill level 7 in Spellcasting
 18346 | D:12     | Found a shimmering altar of Xom.
 18346 | D:12     | Found a shimmering altar of Xom.
 18346 | D:12     | Found a shimmering altar of Xom.
 18347 | D:12     | Found a shimmering altar of Xom.
 18348 | D:12     | Found a shimmering altar of Xom.
 18348 | D:12     | Found a shimmering altar of Xom.
 18405 | D:12     | Found a shimmering altar of Xom.
 18529 | D:12     | Noticed a two-headed ogre
 18532 | D:12     | Killed a two-headed ogre
 18945 | D:13     | Noticed a tengu warrior
 18956 | D:13     | Killed a tengu warrior
 18957 | D:13     | Reached skill level 8 in Spellcasting
 19082 | D:13     | Noticed Azrael
 19304 | D:13     | Noticed a centaur warrior
 19417 | Lair:1   | Entered Level 1 of the Lair of Beasts
 19427 | Lair:1   | Reached **** piety under Vehumet
 19649 | Lair:1   | Reached skill level 14 in Conjurations
 19690 | Lair:1   | Offered knowledge of Yara's Violent Unravelling by Vehumet.
 20403 | Lair:1   | Reached skill level 12 in Air Magic
 20735 | Lair:1   | Found a snail-covered altar of Cheibriados.
 20949 | Lair:1   | Got the Tractate on Frost and Companions
 21098 | Lair:1   | Reached XP level 13. HP: 80/80 MP: 19/26
 21599 | Lair:2   | Found a hole to the Spider Nest.
 21643 | Lair:2   | Noticed Urug
 21923 | Lair:2   | Reached skill level 10 in Fighting
 21923 | Lair:2   | Reached skill level 9 in Spellcasting
 22000 | Lair:2   | Noticed Erica
 22003 | Lair:2   | Killed Erica
 22653 | Lair:2   | Killed Urug
 23147 | Lair:3   | Found a staircase to the Swamp.
 23147 | Lair:3   | Noticed an eleionoma
 23162 | Lair:3   | Killed an eleionoma
 24035 | Lair:3   | Reached ***** piety under Vehumet
 24035 | Lair:3   | Offered knowledge of Spellforged Servitor by Vehumet.
 24036 | Lair:3   | Reached skill level 11 in Fighting
 24067 | Lair:3   | Identified the +0 shortbow "Plog" {freeze, rC+++ Int-4
                  | Dex+4 Stlth+}
 24233 | Lair:3   | Upgraded the game from 0.31-a0-1388-g4b2ba238e7 to
                  | 0.31-a0-1405-g2bb1a01664
 24242 | Lair:3   | Reached skill level 10 in Spellcasting
 25173 | Lair:3   | Reached skill level 12 in Fighting
 26617 | Lair:3   | Reached skill level 11 in Spellcasting
 26763 | Lair:3   | Reached XP level 14. HP: 75/92 MP: 4/30
 27064 | Lair:4   | Noticed Snorg
 27070 | Lair:4   | Killed Snorg
 27912 | Lair:4   | Reached skill level 8 in Dodging
 28195 | Lair:4   | Found a viscous altar of Jiyva.
 28204 | Lair:4   | Found a staircase to the Slime Pits.
 28472 | Lair:4   | Identified the ring of Kidwer {Wiz rPois Str+5}
 29173 | Lair:5   | Entered Level 5 of the Lair of Beasts
 29200 | Lair:5   | Noticed Nessos
 29596 | Lair:4   | Reached skill level 13 in Air Magic
 29725 | Lair:4   | Reached skill level 15 in Conjurations
 29926 | Lair:5   | HP: 8/92 [seven-headed hydra (14)]
 29926 | Lair:5   | Slain by a seven-headed hydra

Vanquished Creatures
  An eleionoma (Lair:3)
  Snorg (Lair:4)
  Josephine (D:10)
  Harold (D:10)
  6 hydras
  2 two-headed ogres
  Erica (Lair:2)
  A tengu warrior (D:13)
  Urug (Lair:2)
  A skyshark (Lair:3)
  Maurice (D:11)
  A black mamba (Lair:3)
  18 elephants
  2 manticores
  5 torpor snails (Lair:1)
  A gargoyle (D:12)
  10 cane toads
  3 kobold demonologists
  2 unseen horrors
  Maggie (D:10)
  6 komodo dragons
  5 rime drakes
  2 trolls (D:12)
  2 polar bears
  Grinder (D:3)
  Prince Ribbit (D:7)
  4 blink frogs
  10 dream sheep
  A vampire (D:11)
  A shadow (D:11)
  6 wyverns
  2 basilisks
  A slime creature (D:11)
  41 yaks
  5 wraiths
  A steam dragon (D:8)
  Grum (D:11)
  Menkaure (D:5)
  4 vampire mosquitoes (D:12)
  8 water moccasins
  An acid dragon (D:11)
  A hell hound (D:13)
  Duvessa (D:5)
  5 orc warriors
  4 ice beasts
  3 sky beasts
  3 ogres
  18 wolves
  7 centaurs
  A phantom (D:5)
  16 bullfrogs
  6 kobold brigands
  3 gnoll sergeants
  4 scorpions
  5 wights (D:9)
  Dowan (D:5)
  3 killer bees (D:9)
  6 howler monkeys
  4 electric eels (D:9)
  A bombardier beetle (D:5)
  5 hounds
  3 gnoll boudas
  2 orc priests
  Crazy Yiuf (D:3)
  2 iguanas
  A sleepcap (D:6)
  7 orc wizards
  27 gnolls
  7 adders
  A shadow imp (D:5)
  A worm (D:2)
  4 dart slugs
  28 orcs
  A bat skeleton (D:2)
  6 endoplasms
  A giant cockroach (D:1)
  4 goblins
  10 hobgoblins
  21 kobolds
  3 quokkas
  7 ball pythons
  A ball python skeleton (D:2)
  2 ball python zombies (D:2)
  5 bats
  3 frilled lizards
  6 rats
  A spectral goblin (D:2)
416 creatures vanquished.

Table legend: (Time is in decaauts)
 A = Elapsed time spent in this place.
 B = Non-inter-level travel time spent in this place.
 C = Inter-level travel time spent in this place.
 D = Time resting spent in this place.
 E = Time spent auto-exploring this place.
 F = Levels seen in this place.
 G = Mean time per level.
                   A        B        C        D        E       F      G
               +--------+--------+--------+--------+--------+-----+--------+
         Total |  30012 |  28531 |   1481 |   5304 |  18762 |  19 | 1579.6 |
       Dungeon |  19450 |  18325 |   1125 |   3516 |  12053 |  13 | 1496.2 |
        Temple |     32 |     16 |     16 |      0 |      0 |   1 |   32.0 |
          Lair |  10528 |  10189 |    339 |   1787 |   6709 |   5 | 2105.6 |
               +--------+--------+--------+--------+--------+-----+--------+

Top non-repeatable levels by time:
  Lair:3: 3183 daAuts
  Lair:4: 2778 daAuts
     D:9: 2741 daAuts
  Lair:1: 2294 daAuts
     D:7: 2271 daAuts
  Lair:2: 2165 daAuts
    D:10: 2096 daAuts
     D:8: 1849 daAuts
     D:6: 1797 daAuts
    D:11: 1565 daAuts
    D:12: 1472 daAuts
     D:4: 1280 daAuts
     D:1: 1139 daAuts
     D:3: 1118 daAuts
     D:5: 999 daAuts

Table legend:
 A = Non-vault XP
 B = Vault XP
 C = Vault XP percentage of total XP
 D = Non-vault monster count
 E = Vault monster count
 F = Vault count percentage of total count
                 A         B        C        D         E       F
            +---------+---------+-------+---------+---------+-------
      Total |   54470 |   13237 |  19.6 |     358 |      58 |  13.9
            +---------+---------+-------+---------+---------+-------
        D:1 |      40 |       0 |   0.0 |      22 |       0 |   0.0
        D:2 |      39 |       6 |  13.3 |      16 |       5 |  23.8
        D:3 |     144 |     325 |  69.3 |      22 |       2 |   8.3
        D:4 |     358 |       3 |   0.8 |      18 |       1 |   5.3
        D:5 |     312 |     395 |  55.9 |      11 |       3 |  21.4
        D:6 |     972 |     221 |  18.5 |      13 |       3 |  18.8
        D:7 |    2715 |     311 |  10.3 |      26 |       2 |   7.1
        D:8 |    2818 |       0 |   0.0 |      27 |       0 |   0.0
        D:9 |    3888 |     218 |   5.3 |      45 |       2 |   4.3
       D:10 |    2145 |    2876 |  57.3 |      13 |       8 |  38.1
       D:11 |    2645 |     810 |  23.4 |      25 |       3 |  10.7
       D:12 |    3859 |     158 |   3.9 |      11 |       8 |  42.1
       D:13 |    1264 |     148 |  10.5 |       3 |       1 |  25.0
     Lair:1 |    3662 |    2984 |  44.9 |      17 |      14 |  45.2
     Lair:2 |    5609 |    1625 |  22.5 |      21 |       2 |   8.7
     Lair:3 |   10419 |    2229 |  17.6 |      32 |       3 |   8.6
     Lair:4 |   13430 |     928 |   6.5 |      35 |       1 |   2.8
     Lair:5 |     151 |       0 |   0.0 |       1 |       0 |   0.0
            +---------+---------+-------+---------+---------+-------

Levels and vault maps discovered:
D:1:      orjb1_clovarrival, layout_loops_cross, grunt_decor_resistance,
          serial_park_tiny_pond, kennysheep_decorative_pillar, amethyst_killhole
D:2:      layout_basic, serial_undead, serial_undead_a, serial_undead_e,
          serial_undead_a, serial_undead_a,
          dreamdust_ecumenical_altar_drowned_temple, minivault_4
D:3:      layout_basic, nicolae_kikubaaqudgha_miasma_corner, uniq_grinder,
          uniq_crazy_yiuf_cottage
D:4:      layout_gridville, mainiacjoe_overflow_tiny_flanked,
          kennysheep_generic_room_8
D:5:      layout_basic, nicolae_overflow_crystal_walls, lemuel_doored_altar,
          minmay_temple_entry_sparse_star, uniq_menkaure, uniq_duvessa
D:6:      layout_loops_ring, mainiacjoe_overflow_catwalk, kennysheep_little_box,
          kennysheep_crisscross, minmay_misc_feat_alley
D:7:      layout_loops_cross, nzn_wu_jian_contemplation, lemuel_tele_altar,
          minmay_misc_feat_columns, grunt_ministairs_3,
          nicolae_fountain_basement, uniq_prince_ribbit1
D:8:      layout_rooms
D:9:      layout_cave_pods, zin_statuary, general_overflow_altar, serial_bayou,
          serial_bayou_lake_a, serial_bayou_pond_b, serial_bayou_pond_a,
          serial_bayou_crossing
D:10:     layout_loops_ring, nicolae_tso_swordbearing_angel, lair_entry_dummy,
          uniq_josephine, uniq_maggie, uniq_harold
D:11:     layout_basic, chequers_serial_rivers_small_a, uniq_maurice,
          uniq_gastronok, uniq_grum
D:12:     layout_long_grid, david_orc_2, nicolae_xom_altar_mimics
D:13:     layout_big_octagon, david_vaults_4, serial_shops,
          nicolae_stop_n_shop_1, serial_column_ruins, column_ruins_hut,
          column_ruins_hut, column_ruins_corridor_straight, column_ruins_grid_1,
          column_ruins_columns_water, uniq_azrael
Temple:   jpeg_temple_clearing
Lair:1:   beast_lair_carwin_large_1, layout_chaotic_city,
          kennysheep_snail_temple
Lair:2:   layout_loops_ring, spider_nest_entry_web_field, uniq_urug, uniq_erica
Lair:3:   layout_loops_ring, alex1729_swamp_entry_worm_eleionoma,
          lemuel_fruit_tree, grunt_megastairs_4
Lair:4:   layout_regular_city, dpeg_slime_entry_corner, uniq_snorg
Lair:5:   hangedman_lair_in_review, layout_cellular_growth, serial_forest,
          infiniplex_forest_lined_room_2, infiniplex_forest_clump_tiny,
          infiniplex_forest_lined_2, infiniplex_forest_lined_3,
          infiniplex_forest_corner_2, infiniplex_forest_lined_4_way,
          infiniplex_forest_clump_diagonal, uniq_nessos
